 Dungeon Crawl Stone Soup version 0.18-b1-14-g029dad2 (webtiles) character file.

2256 6a6kaBkacke the Protected (level 9, 77/79 HPs)
             Began as a Minotaur Berserker on Apr 30, 2016.
             Was an Elder of Trog.
             Starved to death
             ... on level 9 of the Dungeon.
             The game lasted 00:54:53 (5782 turns).

6a6kaBkacke the Protected (Minotaur Berserker)      Turns: 5782, Time: 00:54:54

Health: 77/79      AC: 18    Str: 23    XL:     9   Next: 15%
Magic:  8/8        EV: 12    Int:  4    God:    Trog [****..]
Gold:   196        SH:  2    Dex: 12    Spells: 0 memorised, 8 levels left

rFire  . . .     SeeInvis .     z - +0 battleaxe
rCold  . . .     Gourm    .     y - +1 plate armour
rNeg   . . .     Faith    .     (shield currently unavailable)
rPois  .         Spirit   .     (helmet restricted)
rElec  .         Dismiss  .     (no cloak)
rCorr  .         Reflect  +     q - +0 pair of gloves
SustAt .         Harm     .     D - +1 pair of boots
MR     .....                    d - +2 amulet of reflection
Stlth  ..........               i - +2 ring of evasion
                                (no ring)

@: fainting, not resistant to hostile enchantments, extremely unstealthy
A: retaliatory headbutt, horns 2, talons 1
a: Berserk, Trog's Hand, Brothers in Arms, Burn Spellbooks, Renounce Religion


You were on level 9 of the Dungeon.
You worshipped Trog.
Trog was greatly pleased with you.
You were fainting.

You visited 1 branch of the dungeon, and saw 9 of its levels.
You also visited: Sewer.

You collected 259 gold pieces.
You spent 63 gold pieces at shops.

Inventory:

Hand Weapons
 a - a +0 hand axe
 b - a +0 rapier
 c - a +0 hand crossbow
 l - a +0 long sword
 p - a +0 hand axe
 z - a +0 battleaxe (weapon)
 E - a +0 war axe
Armour
 e - a +0 chain mail
 j - a +1 leather armour of fire resistance
 q - a +0 pair of gloves (worn)
 r - a +0 scale mail
 y - a +1 plate armour (worn)
 D - a +1 pair of boots (worn)
 H - a +0 chain mail
Jewellery
 d - a +2 amulet of reflection (around neck)
 i - a +2 ring of evasion (right hand)
 o - an uncursed amulet of guardian spirit
 w - an uncursed amulet of magic regeneration
 A - an uncursed ring of protection from cold {unknown}
 C - a -3 ring of evasion
 F - an uncursed ring of flight
Wands
 g - a wand of lightning (7/15)
 s - a wand of teleportation (2/9)
 v - a wand of confusion (35/48)
 x - a wand of acid (6/15)
Scrolls
 f - 3 scrolls of teleportation
 h - a scroll of remove curse
 m - a scroll of enchant weapon
 u - 4 scrolls of identify
Potions
 n - 2 potions of curing
 t - a potion of brilliance
 B - 2 potions of flight
Books
 k - a book of Party Tricks

   Spells                             Type                      Level
   a - Summon Butterflies             Summoning                    1
   b - Apportation                    Translocation                1
   c - Tukima's Dance                 Hexes                        3
   d - Alistair's Intoxication        Transmutation/Poison         5
   e - Invisibility                   Hexes                        6
   Trog disapproves of the use of such an item.
 I - a book of Transfigurations

   Spells                             Type                      Level
   a - Irradiate                      Conjuration/Transmutation    5
   b - Statue Form                    Transmutation/Earth          6
   c - Hydra Form                     Transmutation                6
   d - Dragon Form                    Transmutation                7
   Trog disapproves of the use of such an item.


   Skills:
 * Level 7.5 Fighting
 * Level 2.5 Long Blades
 - Level 6.8 Axes
 * Level 8.8 Armour
 * Level 7.1 Dodging
 - Level 0.5 Stealth


You had 8 spell levels left.
You didn't know any spells.

Dungeon Overview and Level Annotations

Branches:
Dungeon (9/15)             Temple (0/1) D:5
   Lair: D:8-11         Orc: D:9-12

Altars:
Nemelex Xobeh
Pakellas
Yredelemnul
Zin
The Shining One

Shops:
D:5 [   D:6 ?

Annotations:
D:3 1 runed door


Innate Abilities, Weirdness & Mutations

You reflexively headbutt those who attack you in melee.
You have a pair of horns on your head.
You have sharp toenails.


Message History

The orc is moderately wounded.
The orc hits you but does no damage.
You hit the orc but do no damage. Your headbutt misses the orc.
The orc is moderately wounded.
The orc barely misses you.
You barely miss the orc. You headbutt the orc.
You kill the orc!
Trog accepts your kill.
Items here: )))) [ †††
Items here: )))) [ †††
Okay, then.
Found a rapier.
There is an escape hatch in the floor here.
You slide downwards.
The hatch slams shut behind you.
You open the door.
There is an open door here.
You lose consciousness!
You can move again.
You have starved to death.
You die...

############
#..........#
#.#####....#
#.# #....#
#.#
###.#####
#.# #.'...#
#.# ###8..#
#@# ##...#
#.# ...+ #.#
#### ... ..#
.... ...#
....#


There were no monsters in sight!

Vanquished Creatures
  Grinder (D:6)
  Eustachio (D:5)
  A hungry ghost (D:7)
  2 water moccasins
  Duvessa (D:5)
  3 orc warriors
  A phantom (D:8)
  A necrophage (D:6)
  A sky beast (D:6)
  An ogre (D:4)
  A centaur (D:6)
  A giant frog (D:7)
  A gnoll sergeant (D:4)
  Dowan (D:5)
  A wyvern skeleton (D:6)
  A howler monkey (D:5)
  2 crimson imps
  A giant frog skeleton (D:4)
  2 orc priests (D:6)
  5 worker ants
  3 gnolls (D:4)
  7 adders
  A river rat (D:5)
  2 shadow imps
  An adder skeleton (D:6)
  An adder zombie (D:6)
  3 worms
  A dart slug (D:4)
  A giant gecko (D:3)
  10 orcs
  6 giant cockroaches
  4 goblins
  7 hobgoblins
  18 jackals
  2 quokkas (D:2)
  3 ball pythons
  3 bats
  A giant cockroach zombie (D:5)
  A giant gecko skeleton (D:6)
  3 giant newts
  12 kobolds
  2 quokka zombies
  5 rats
  A bush (D:3)
  9 plants
136 creatures vanquished.

Vanquished Creatures (others)
  A hound zombie (D:6)
  A giant newt (Sewer)
  A plant (Sewer)
3 creatures vanquished.

Grand Total: 139 creatures vanquished

Notes
Turn   | Place    | Note
--------------------------------------------------------------
     0 | D:1      | 6a6kaBkacke the Minotaur Berserker began the quest for the Orb.
     0 | D:1      | Reached XP level 1. HP: 19/19 MP: 0/0
    78 | D:1      | Reached XP level 2. HP: 24/27 MP: 1/1
   265 | D:2      | Reached ** piety under Trog
   358 | D:2      | Reached XP level 3. HP: 22/34 MP: 2/2
   735 | D:3      | Found a basalt altar of Yredelemnul.
   747 | D:3      | You fall through a shaft for 2 floors!
   747 | D:5      | Entered Level 5 of the Dungeon
   856 | D:5      | Found a staircase to the Ecumenical Temple.
   908 | D:6      | Noticed a sky beast
   911 | D:6      | Found a glowing golden altar of the Shining One.
   920 | D:6      | Killed a sky beast
   920 | D:6      | Reached skill level 5 in Fighting
   920 | D:6      | Reached XP level 4. HP: 42/42 MP: 3/3
   920 | D:6      | Reached XP level 5. HP: 48/48 MP: 4/4
   934 | D:6      | Noticed a necrophage
   935 | D:6      | Noticed a water moccasin
   943 | D:6      | Killed a water moccasin
   943 | D:6      | Reached skill level 5 in Axes
   943 | D:6      | Reached skill level 3 in Armour
   954 | D:6      | Killed a necrophage
   954 | D:6      | Reached XP level 6. HP: 24/56 MP: 5/5
  1378 | D:5      | Noticed Dowan
  1380 | D:5      | Noticed Duvessa
  1389 | D:5      | Killed Dowan
  1391 | D:5      | Killed Duvessa
  1391 | D:5      | Reached skill level 5 in Dodging
  1413 | D:5      | Found Keogiqud's Armour Emporium.
  1421 | D:5      | Bought a +0 chain mail for 63 gold pieces
  1454 | D:5      | Found a glowing drain.
  1466 | Sewer    | Entered a sewer
  1486 | Sewer    | Reached XP level 7. HP: 62/62 MP: 6/6
  1522 | Sewer    | Reached *** piety under Trog
  2122 | D:5      | 44
  2155 | D:5      | Noticed Eustachio
  2192 | D:5      | Killed Eustachio
  2192 | D:5      | Reached skill level 4 in Armour
  2611 | D:4      | Found a sparkling altar of Nemelex Xobeh.
  2745 | D:4      | Reached skill level 5 in Armour
  2859 | D:4      | Found a glowing silver altar of Zin.
  3066 | D:4      | Reached XP level 8. HP: 68/70 MP: 7/7
  3463 | D:3      | Found a glowing silver altar of Zin.
  3464 | D:3      | Found a runed door.
  3464 | D:3      | Noticed an angel
  4027 | D:3      | Found an oddly glowing altar of Pakellas.
  4638 | D:7      | Reached skill level 6 in Armour
  4655 | D:7      | Paralysed by fainting for 5 turns
  4662 | D:7      | Paralysed by fainting for 8 turns
  4712 | D:7      | Reached skill level 1 in Long Blades
  4754 | D:7      | Reached skill level 7 in Armour
  4818 | D:6      | Noticed Grinder
  4829 | D:6      | Paralysed by Grinder for 7 turns
  4855 | D:6      | Killed Grinder
  4916 | D:6      | Found Jaugam's Magic Scroll Boutique.
  4928 | D:6      | Gained mutation: You have sharp toenails. [potion of beneficial mutation]
  5232 | D:6      | Reached skill level 8 in Armour
  5451 | D:6      | Reached XP level 9. HP: 70/79 MP: 8/8
  5741 | D:8      | Reached **** piety under Trog
  5766 | D:9      | Paralysed by fainting for 7 turns
  5782 | D:9      | Starved to death

Skill      XL: |  1  2  3  4  5  6  7  8 |
---------------+-------------------------+-----
Fighting       | 4 5 6 7 |  7.5
Axes           | 4 5 6 |  6.8
Dodging        | 3 4 5 6 7 |  7.1
Armour         | 3 5 8 |  8.8
Long Blades    | 2 |  2.5
Stealth        | |  0.5

Action                   |  1- 3 |  4- 6 |  7- 9 || total
-------------------------+-------+-------+-------++-------
Melee: Hand axe          |   123 |    50 |   202 ||   375
       Headbutt          |    28 |    12 |   110 ||   150
       Long sword        |       |       |   175 ||   175
       Battleaxe         |       |       |    66 ||    66
Invok: Berserk           |     3 |     1 |     1 ||     5
       Trog's Hand       |       |     1 |       ||     1
  Use: Scroll            |     6 |       |     7 ||    13
       Potion            |     1 |     2 |     7 ||    10
 Stab: Sleeping          |     1 |       |       ||     1
  Eat: Bread ration      |     1 |       |     2 ||     3
       Meat ration       |       |       |     1 ||     1
       Pizza             |       |       |     2 ||     2
       Beef jerky        |       |       |     1 ||     1
Armor: Animal skin       |    13 |       |       ||    13
       Ring mail         |    10 |    15 |     8 ||    33
       Chain mail        |       |       |    44 ||    44
       Plate armour      |       |       |    86 ||    86
Dodge: Dodged            |    57 |    35 |   198 ||   290
Block: Other             |     2 |     6 |    23 ||    31
       Reflection        |       |       |     1 ||     1
